 Dungeon Crawl Stone Soup version 0.30-a0-3-gc9032a9cac (webtiles) character file.

Game seed: 13024398454889119278

52 BritishOli the Trooper (level 3, -8/29 HPs)
             Began as a Demonspawn Fighter on Aug 20, 2022.
             Mangled by a gnoll
             ... wielding a +1 halberd of venom
              (9 damage)
             ... on level 2 of the Dungeon.
             The game lasted 00:00:52 (1625 turns).

BritishOli the Trooper (Demonspawn Fighter)         Turns: 1625, Time: 00:00:52

Health: -8/29      AC: 11    Str: 18    XL:     3   Next: 60%
Magic:  3/3        EV:  5    Int:  9    God:
Gold:   43         SH:  4    Dex: 12    Spells: 2/2 levels left

rFire   . . .      SeeInvis .    a - +0 long sword
rCold   . . .      Faith    .    c - +0 buckler
rNeg    . . .      Spirit   .    p - +0 plate armour
rPois   .          Reflect  .    (no helmet)
rElec   .          Harm     .    (no cloak)
rCorr   .          Rampage  .    (no gloves)
Will    .....                    (no boots)
Stlth   ..........               (no amulet)
HPRegen 0.09/turn                i - ring of flight
MPRegen 0.08/turn                (no ring)

@: lethally poisoned (-8 -> -32), flying
A: weakness stinger 1
a: no special abilities


You were on level 2 of the Dungeon.
You visited 1 branch of the dungeon, and saw 2 of its levels.

You collected 43 gold pieces.

Inventory:

Hand Weapons
 a - a +0 long sword (weapon)
Armour
 b - a +0 scale mail
 c - a +0 buckler (worn)
 p - a +0 plate armour (worn)
Jewellery
 i - a ring of flight (left hand)
 l - a ring of see invisible
 o - an amulet of the acrobat
Scrolls
 h - 3 scrolls of teleportation {unknown}
 j - 2 scrolls of enchant weapon {unknown}
 k - 2 scrolls of butterflies {unknown}
 m - a scroll of magic mapping {unknown}
 n - a scroll of identify {unknown}
 q - a scroll of enchant armour {unknown}
 r - a scroll of vulnerability {unknown}
 s - a scroll of acquirement {unknown}
 t - a scroll of fear {unknown}
Potions
 d - a potion of might
 e - a potion of ambrosia {unknown}
 f - a potion of curing {unknown}
 g - a potion of heal wounds {unknown}


   Skills:
 + Level 3.4 Fighting
 + Level 2.3 Long Blades
 + Level 3.1 Armour
 + Level 3.2 Shields


You had 2 spell levels left.
You didn't know any spells.
Your spell library contained the following spells:

 Spells                   Type           Power      Damage    Failure   Level
 Shock                    Conj/Air       0%         1d3       100%        1
 Ensorcelled Hibernation  Hex/Ice        0%         N/A       100%        2
 Passwall                 Tmut/Erth      0%         N/A       100%        2
 Swiftness                Air            0%         N/A       100%        3
 Airstrike                Air            0%         2d(0-16)  100%        4


Dungeon Overview and Level Annotations

Branches:
Dungeon (2/15)

Altars:


Innate Abilities, Weirdness & Mutations

You have a small tail.


Message History

No target in view!
There is a stone staircase leading down here.
An endoplasm comes into view.
The endoplasm quivers.
You hear a shout!
A gnoll comes into view. It is wielding a +0 flail.
The gnoll shouts!
A gnoll comes into view. It is wielding a +1 halberd of venom.
A gnoll comes into view. It is wielding a +0 spear.
There are monsters nearby!
The gnoll shouts!
The endoplasm hits you but does no damage.
There are monsters nearby!
You slash the endoplasm!
You kill the endoplasm!
There are monsters nearby!
You barely miss the gnoll. You tail-slap the gnoll.
The gnoll is moderately wounded.
A nearby plant withers and dies.
The gnoll hits you from afar with a +1 halberd of venom.
You are poisoned.
There are monsters nearby!
You slash the gnoll!
You kill the gnoll!
You feel very sick.
The gnoll hits you from afar with a +1 halberd of venom.
You are more poisoned.
The gnoll hits you from afar with a +1 halberd of venom.
You are more poisoned.
The gnoll barely misses you.
You feel very sick. The gnoll hits you but does no damage.
You are more poisoned.
The gnoll hits you but does no damage.
You barely miss the gnoll.
* * * LOW HITPOINT WARNING * * *
You feel extremely sick. The gnoll barely misses you.
The gnoll hits you with a +1 halberd of venom!
You die...

# ###### #....P.....
.....# #........P.
####.# #.......... #
#.## #.......... # #..#
#.......... #####.#####
#...P...... ##........#
#...g......
#....†...####.)@g.....#
#..........##..########
#........#.##..#
#........#>....#
#........#######
#........# ##########


You could see 2 gnolls.

Vanquished Creatures
  A gnoll (D:2)
  An adder (D:2)
  A dart slug (D:1)
  4 ball pythons (D:1)
  2 endoplasms (D:2)
  A goblin (D:1)
  4 hobgoblins
  4 jackals (D:2)
  2 kobolds (D:2)
  A quokka (D:1)
  3 bats
  2 frilled lizards (D:1)
  2 rats (D:1)
28 creatures vanquished.

Vanquished Creatures (others)
  17 plants (D:2)
17 creatures vanquished.

Grand Total: 45 creatures vanquished

Notes
Turn   | Place    | Note
-------+----------+-------------------------------------------
     0 | D:1      | BritishOli the Demonspawn Fighter began the quest for the
                  | Orb.
     0 | D:1      | Reached XP level 1. HP: 18/18 MP: 1/1
   333 | D:1      | Gained mutation: You have a small tail. [demonic ancestry]
   333 | D:1      | Reached XP level 2. HP: 23/24 MP: 2/2
   551 | D:1      | Found a faded altar of an unknown god.
  1223 | D:2      | Identified the +2 leather armour of the Charming Gods
                  | {rPois}
  1401 | D:2      | Reached XP level 3. HP: 28/29 MP: 3/3
  1625 | D:2      | HP: 1/29 [poisoned by a gnoll]
  1625 | D:2      | Mangled by a gnoll

Illustrated notes

Levels and vault maps discovered:
D:1:      minmay_arrival_nine_rooms, layout_basic,
          dreamdust_ecumenical_altar_statues, minmay_tromino_v4_b
D:2:      layout_basic, nicolae_grassy_gnolls

Skill      XL: |  1  2 |
---------------+-------+-----
Long Blades    | 2 |  2.3
Shields        | 3 |  3.2
Armour         | 3 |  3.1
Fighting       | |  3.4

Action                   || total
-------------------------++-------
Melee: Long sword        ||    86
       Tailslap          ||     7
Armor: Scale mail        ||    41
       Plate armour      ||     5
Dodge: Dodged            ||    35
Block: Buckler           ||    23

Table legend: (Time is in decaauts)
 A = Elapsed time spent in this place.
 B = Non-inter-level travel time spent in this place.
 C = Inter-level travel time spent in this place.
 D = Time resting spent in this place.
 E = Time spent auto-exploring this place.
 F = Levels seen in this place.
 G = Mean time per level.
                   A        B        C        D        E       F      G
               +--------+--------+--------+--------+--------+-----+--------+
         Total |   1653 |   1577 |     76 |      0 |   1338 |   2 |  826.5 |
       Dungeon |   1653 |   1577 |     76 |      0 |   1338 |   2 |  826.5 |
               +--------+--------+--------+--------+--------+-----+--------+

Top non-repeatable levels by time:
     D:1: 1149 daAuts
     D:2: 503 daAuts
